 Dungeon Crawl Stone Soup version 0.16-a0-787-g31dbbe7 (webtiles) character file.

62 RobertPalmer the Ogre Mage (level 4, 0/39 HPs)
             Began as an Ogre Wizard on Sept 27, 2014.
             Succumbed to an adder's poison
             ... on Level 2 of the Dungeon.
             The game lasted 00:02:50 (1691 turns).

RobertPalmer the Ogre Mage (Ogre Wizard)            Turns: 1691, Time: 00:02:50

HP   0/39        AC  3     Str 12      XL: 4   Next:  8%
MP  10/10        EV 10     Int 17      God:
Gold 84          SH  0     Dex  9      Spells:  4 memorised,  3 levels left

rFire  + . .     SeeInvis .     e - +0 dagger (elec)
rCold  + . .     Clarity  .     a - +0 robe
rNeg   . . .     rCorr    +     (shield restricted)
rPois  +         rRot     .     b - +0 hat
rElec  +         Spirit   .     (no cloak)
SustAb .         Warding  .     (gloves unavailable)
rMut   .         Stasis   .     (boots unavailable)
Gourm  .                        (no amulet)
MR     .....                    (no ring)
                                (no ring)

@: lethally poisoned, resistant, not resistant to hostile enchantments, very
unstealthy
A: unfitting armour, tough skin 1
a: no special abilities


You were on level 2 of the Dungeon.
You were not hungry.

You visited 1 branch of the dungeon, and saw 2 of its levels.

You collected 84 gold pieces.


Innate Abilities, Weirdness & Mutations

You are too large for most types of armour.
You have tough skin (AC +1).


   Skills:
 + Level 3.1 Maces & Flails
 - Level 3.0 Dodging
 - Level 1.5 Stealth
 - Level 3.6 Spellcasting
 - Level 0.6 Conjurations
 - Level 0.6 Summonings
 - Level 0.6 Translocations


You had 3 spell levels left.
You knew the following spells:

 Your Spells              Type           Power        Failure   Level  Hunger
b - Blink                 Tloc           N/A          21%         2    ##.....
d - Repel Missiles        Chrm/Air       #.....       30%         2    ##.....
x - Call Imp              Summ           #.......     21%         2    ##.....
z - Magic Dart            Conj           #...         14%         1    None

Inventory:

Hand weapons
 e - a +0 dagger of electrocution (weapon)
 i - a +0 whip of distortion
Missiles
 j - 13 poisoned needles
Armour
 a - a +0 robe (worn)
 b - a +0 hat (worn)
Comestibles
 d - a meat ration
 n - a chunk of hobgoblin flesh {@*1}
 o - a chunk of bat flesh {@*1}
 q - 2 bread rations
Scrolls
 f - 3 scrolls of identify
 h - a scroll of recharging {unknown}
 k - 2 scrolls of enchant armour {unknown}
 l - 3 scrolls of blinking {unknown}
 m - 2 scrolls of magic mapping {unknown}
 p - a scroll of fog {unknown}
 r - a scroll of amnesia {unknown}
Potions
 g - a potion of resistance
Books
 c - a book of Minor Magic

Dungeon Overview and Level Annotations

Branches:
Dungeon (2/15)

Altars:

...#.#.# ########.# #
.......# #.# #
...##.######### #.########
...'.>........##
#####.##......
...##.#######..#
#.....##.#.#.# .####.# ##.##
#.##..##...... .#
#.########..# #.##..#..#.#)#
## #.........%.##
#.##..#.......
#..#.#.#.#..@###.##..#..#.#.#
#........#...#...##..........
##.#.#.#.#.#.#.#####.##.#.#.#
#.......#.#....# #.........
#.#.#.#........## #.##.#####
#........##.....###.# .
#####....##.........#
########.....##.# #...#.##.#


There were no monsters in sight!


Message History

You feel sick. The adder barely misses you.
You feel sick.
There is a stone staircase leading up here.
You hit the adder but do no damage.
The adder is lightly wounded.
The adder bites you.
* * * LOW HITPOINT WARNING * * *
The adder completely misses you.
You hit the adder but do no damage. The adder bites you but does no damage.
You hit the adder.
The adder is lightly wounded.
The adder bites you.
* * * LOW HITPOINT WARNING * * *
You completely miss the adder.
The adder is lightly wounded.
You feel sick. The adder bites you.
* * * LOW HITPOINT WARNING * * *
The adder bites you.
* * * LOW HITPOINT WARNING * * *
You closely miss the adder.
The adder is lightly wounded.
The adder bites you.
* * * LOW HITPOINT WARNING * * *
You hit the adder.
There is a sudden explosion of sparks!
You kill the adder!
Your Maces & Flails skill increases to level 3!
You have reached level 4!
Read which item? (? for menu, Esc to quit)
Okay, then.
You die...

Action                   |  1- 3 |  4- 6 || total
-------------------------+-------+-------++-------
Melee: Dagger            |   166 |       ||   166
       Unarmed           |     5 |       ||     5
 Cast: Magic Dart        |     2 |       ||     2
  Use: Scroll            |     1 |       ||     1
       Potion            |     1 |       ||     1
  Eat: Chunk             |     3 |       ||     3

Vault maps used:
D:1:      lemuel_arrival_lava_pool, dk_noncrumbling_3, serial_bayou_pond_e
D:2:      first_bread, serial_glass, glass_columns_b, glass_columns_b,
          glass_columns_b, glass_columns_a, glass_columns_b, glass_columns_c,
          glass_columns_c, glass_columns_b, glass_columns_a, glass_columns_b,
          glass_columns_b, glass_columns_a, glass_columns_b, glass_columns_a

Notes
Turn   | Place    | Note
--------------------------------------------------------------
     0 | D:1      | RobertPalmer, the Ogre Wizard, began the quest for the Orb.
     0 | D:1      | Reached XP level 1. HP: 16/16 MP: 4/4
    28 | D:1      | Reached skill level 2 in Dodging
   273 | D:1      | Reached XP level 2. HP: 16/24 MP: 6/6
   897 | D:1      | Reached skill level 3 in Dodging
  1043 | D:2      | Reached XP level 3. HP: 31/31 MP: 8/8
  1065 | D:2      | Reached skill level 1 in Maces & Flails
  1092 | D:2      | Reached skill level 2 in Maces & Flails
  1423 | D:1      | Learned a level 2 spell: Blink
  1426 | D:1      | Learned a level 2 spell: Call Imp
  1429 | D:1      | Learned a level 2 spell: Repel Missiles
  1671 | D:2      | Identified 2 potions of resistance
  1688 | D:2      | HP: 1/31 [adder (4)]
  1689 | D:2      | Reached skill level 3 in Maces & Flails
  1689 | D:2      | Reached XP level 4. HP: 1/39 MP: 10/10
  1691 | D:2      | Succumbed to an adder's poison

Vanquished Creatures
  2 adders (D:2)
  A giant gecko (D:2)
  An ooze (D:2)
  3 ball pythons
  4 bats
  4 giant cockroaches (D:1)
  5 goblins
  6 hobgoblins
  3 giant newts
  4 kobolds
  9 rats
42 creatures vanquished.
